 Dungeon Crawl Stone Soup version 0.26-a0-771-g060e6a6 (webtiles) character file.

Game seed: 11104213725002000589

179 MrTaco21 the Cudgeler (level 5, -2/32 HPs)
             Began as a Gargoyle Fighter on Nov 8, 2020.
             Killed by divine providence
             ... invoked by an orc priest
              (8 damage)
             ... on level 4 of the Dungeon.
             The game lasted 00:03:40 (3369 turns).

MrTaco21 the Cudgeler (Gargoyle Fighter)            Turns: 3369, Time: 00:03:41

Health: -2/32      AC: 12    Str: 21    XL:     5   Next: 59%
Magic:  5/5        EV:  7    Int:  8    God:
Gold:   189        SH:  9    Dex:  9    Spells: 4/4 levels left

rFire    . . .     SeeInvis .   a - +0 flail
rCold    . . .     Faith    .   c - +0 kite shield
rNeg     + . .     Spirit   .   b - +0 scale mail
rPois    ∞         Reflect  .   (no helmet)
rElec    +         Harm     .   (no cloak)
rCorr    .         Rampage  .   n - +0 pair of gloves
MR       .....                  (no boots)
Stlth    ..........             (no amulet)
HPRegen  0.10/turn              k - ring of flight
MPRegen  0.09/turn              l - ring of attention (curse)

@: no status effects
A: negative energy resistance 1, electricity resistance, unbreathing,
petrification resistance, rot immunity, AC +4
a: Evoke Flight


You were on level 4 of the Dungeon.
You visited 1 branch of the dungeon, and saw 4 of its levels.

You collected 189 gold pieces.

Inventory:

Hand Weapons
 a - a +0 flail (weapon)
Armour
 b - a +0 scale mail (worn)
 c - a +0 kite shield (worn)
 n - a +0 pair of gloves (worn)
   (You found it on level 1 of the Dungeon)
Jewellery
 k - a ring of flight (left hand)
   (You found it on level 1 of the Dungeon)
 l - a cursed ring of attention (right hand)
   (You found it on level 1 of the Dungeon)
Wands
 t - a wand of flame (13)
   (You found it on level 2 of the Dungeon)
Scrolls
 g - a scroll of enchant weapon {unknown}
 h - a scroll of amnesia {unknown}
 i - 3 scrolls of teleportation {unknown}
 j - 2 scrolls of identify {unknown}
 o - 2 scrolls of remove curse {unknown}
Potions
 d - 3 potions of might
 e - a potion of resistance {unknown}
 f - a potion of ambrosia {unknown}
 m - 2 potions of curing {unknown}
 p - a potion of lignification {unknown}


   Skills:
 - Level 3.2 Fighting
 + Level 5.6 Maces & Flails
 - Level 3.2 Armour
 - Level 3.2 Shields


You had 4 spell levels left.
You didn't know any spells.
Your spell library was empty.

Dungeon Overview and Level Annotations

Branches:
Dungeon (4/15)
 Temple: D:4-7

Altars:


Innate Abilities, Weirdness & Mutations

You are resistant to torment.
Your stone body is resilient. (AC +4)
You are immune to poison.
You resist negative energy. (rN+)
You are resistant to electric shocks. (rElec)
You can survive without breathing.
You are immune to petrification.
You are immune to rotting.


Message History

An adder is nearby!
You block the adder's attack.
You hit the adder but do no damage. The adder closely misses you.
You sock the adder!
You kill the adder!
No target in view!
No target in view!
No target in view!
No target in view!
No target in view!
No target in view!
No target in view!
No target in view!
Found a pair of gloves.
An orc priest comes into view. It is wielding a +0 club.
An orc comes into view.
There are monsters nearby!
The orc shouts!
The orc priest shouts!
An orc wizard comes into view. It is wielding a +0 dagger.
The orc wizard shouts!
The orc priest looks encouraged for a moment.
The orc wizard casts a spell.
The orc wizard flickers and vanishes!
Deactivating autopickup; reactivate with Ctrl-A.
The orc priest hits you but does no damage.
You barely miss the orc priest. The orc priest hits you with a +0 club.
The orc hits you but does no damage.
A phantom comes into view.
You hit the orc priest but do no damage.
The orc priest hits you with a +0 club. The orc barely misses you.
The orc priest mumbles some strange prayers to Beogh against you.
Beogh smites you! You block the orc's attack.
The phantom blinks!
You thump the orc priest!
The orc priest mumbles some strange prayers to Beogh against you.
Pain shoots through your body!
* * * LOW HITPOINT WARNING * * *
You closely miss the orc priest. You block the orc priest's attack.
The orc hits you but does no damage. Something hits you but does no damage.
You barely miss the orc priest.
The orc priest hits you but does no damage.
The orc hits you but does no damage.
You hear some strange, mumbled words.
A puff of flame appears from out of thin air!
The puff of flame hits you.
* * * LOW HITPOINT WARNING * * *
You barely miss the orc priest. You block the orc's attack.
The orc priest invokes the aid of Beogh against you.
Beogh smites you!
You die...

.######...
.......W.######
..............#
..............#
#............#
#[...........#
#.....o{.....#
#...@o.....# ..
#....#######
...##...##
.........######
..............#
..............#
..###.........#
................#
...............#


You could see a phantom, an orc priest and an orc.

Vanquished Creatures
  An orc wizard (D:3)
  5 adders
  A gnoll (D:2)
  A worm (D:2)
  3 dart slugs
  2 leopard geckos
  3 orcs (D:3)
  2 ball pythons (D:2)
  5 bats
  15 giant cockroaches
  10 goblins
  8 hobgoblins
  3 jackals (D:1)
  2 quokkas (D:2)
  4 frilled lizards
  9 kobolds
  5 rats
79 creatures vanquished.

Vanquished Creatures (others)
  2 plants
2 creatures vanquished.

Grand Total: 81 creatures vanquished

Notes
Turn   | Place    | Note
-------+----------+-------------------------------------------
     0 | D:1      | MrTaco21 the Gargoyle Fighter began the quest for the Orb.
     0 | D:1      | Reached XP level 1. HP: 14/14 MP: 1/1
   181 | D:1      | Reached XP level 2. HP: 17/19 MP: 2/2
   218 | D:1      | Reached skill level 3 in Maces & Flails
   693 | D:1      | Reached XP level 3. HP: 16/23 MP: 3/3
  1351 | D:2      | Reached skill level 4 in Maces & Flails
  1391 | D:2      | Reached XP level 4. HP: 22/28 MP: 4/4
  2333 | D:3      | Reached skill level 5 in Maces & Flails
  2357 | D:3      | Reached XP level 5. HP: 17/32 MP: 5/5
  3364 | D:4      | Noticed a phantom
  3369 | D:4      | Killed from afar by an orc priest

Illustrated notes

Levels and vault maps discovered:
D:1:      dpeg_arrival_short_road, layout_loops_ring, serial_forest,
          infiniplex_forest_clump_tiny, infiniplex_forest_lined_4_way,
          infiniplex_forest_clump_curved, infiniplex_forest_clump_double,
          infiniplex_forest_clump_long
D:2:      minmay_roachtagon, layout_basic
D:3:      layout_basic, serial_bayou_pond_e
D:4:      layout_basic, serial_shops, shop, minmay_cut_off

Skill      XL: |  1  2  3  4 |
---------------+-------------+-----
Maces & Flails | 3 4 5 |  5.6
Fighting       | |  3.2
Armour         | |  3.2
Shields        | |  3.2

Action                   |  1- 3 |  4- 6 || total
-------------------------+-------+-------++-------
Melee: Flail             |   184 |   160 ||   344
Armor: Scale mail        |   133 |    75 ||   208
Dodge: Dodged            |    77 |    39 ||   116
Block: Kite shield       |   128 |    90 ||   218

Table legend: (Time is in decaauts)
 A = Elapsed time spent in this place.
 B = Non-inter-level travel time spent in this place.
 C = Inter-level travel time spent in this place.
 D = Time resting spent in this place.
 E = Time spent auto-exploring this place.
 F = Levels seen in this place.
 G = Mean time per level.
                   A        B        C        D        E       F      G
               +--------+--------+--------+--------+--------+-----+--------+
         Total |   3464 |   3315 |    149 |    134 |   2503 |   4 |  866.0 |
       Dungeon |   3464 |   3315 |    149 |    134 |   2503 |   4 |  866.0 |
               +--------+--------+--------+--------+--------+-----+--------+

Top non-repeatable levels by time:
     D:2: 1272 daAuts
     D:3: 1143 daAuts
     D:1: 1019 daAuts
     D:4: 29 daAuts
